 Dungeon Crawl Stone Soup version 0.29-a0-307-gecccbbdb84 (webtiles) character file.

Game seed: 3112579807016549569

157674 Flugkiller the Bewitcher (level 17, -1/106 HPs)
             Began as a Vampire Delver on Mar 27, 2022.
             Was a High Priest of Uskayaw.
             Constricted to death by a naga warrior (5 damage)
             ... on level 3 of the Snake Pit.
             The game lasted 00:56:40 (28203 turns).

Flugkiller the Bewitcher (Vampire Delver)          Turns: 28203, Time: 00:56:40

Health: -1/106     AC: 22    Str: 21    XL:     17   Next: 12%
Magic:  45/45      EV: 22    Int: 26    God:    Uskayaw [*****.]
Gold:   776        SH:  0    Dex: 21    Spells: 2/26 levels left

rFire   + + .      SeeInvis +   a - +9 rapier (vamp)
rCold   + + +      Faith    .   (no shield)
rNeg    + + +      Spirit   .   V - +6 ring mail "Boihav" {MP+9 Str+4 SInv Stlth-}
rPois   ∞          Reflect  .   r - +3 hat of Pondering {ponderous, Will+ MP+10 Int+5}
rElec   .          Harm     .   Z - +1 cloak of Crawling {rF++ rC+}
rCorr   .          Rampage  .   I - +2 pair of gloves
Will    ++...                   S - +2 pair of boots
Stlth   +++++.....              J - amulet of regeneration
HPRegen 0.00/turn               v - +4 ring of evasion
MPRegen 0.29/turn               R - ring "Arroneol" {Str+6 Int+6}

@: bloodless, inhibited regen, constricted, studying Transmutations, slow
A: bloodless, fangs 3, see invisible, vampiric 2
a: Bat Form, Revivify, Renounce Religion, Stomp, Line Pass, Grand Finale


You were on level 3 of the Snake Pit.
You worshipped Uskayaw.
Uskayaw was pleased with you.
You visited 5 branches of the dungeon, and saw 28 of its levels.

You collected 2898 gold pieces.
You spent 2122 gold pieces at shops.

Inventory:

Hand Weapons
 a - a +9 vampiric rapier (weapon)
   (You bought it in a shop on level 13 of the Dungeon)
Missiles
 j - 47 poisoned darts
 D - 5 curare-tipped darts
 P - 5 throwing nets
Armour
 r - the +3 hat of Pondering (worn) {ponderous, Will+ MP+10 Int+5}
   (You took it off Gastronok on level 1 of the Orcish Mines)

   Int:       It affects your intelligence (+5).
   MP:        It affects your magic capacity (+10).
   Will:      It increases your willpower.
 A - a +2 helmet
   (You found it on level 1 of the Dungeon)
 I - a +2 pair of gloves (worn)
   (You found it on level 5 of the Dungeon)
 S - a +2 pair of boots (worn)
   (You found it on level 8 of the Dungeon)
 V - the +6 ring mail "Boihav" (worn) {MP+9 Str+4 SInv Stlth-}
   (You found it on level 13 of the Dungeon)

   Str:       It affects your strength (+4).
   MP:        It affects your magic capacity (+9).
   SInv:      It lets you see invisible.
   Stlth:     It makes you less stealthy.
 Z - the +1 cloak of Crawling (worn) {rF++ rC+}
   (You bought it in a shop on level 1 of the Dungeon)

   rF:        It greatly protects you from fire.
   rC:        It protects you from cold.
Jewellery
 v - a +4 ring of evasion (left hand)
   (You found it on level 10 of the Dungeon)
 H - an amulet of magic regeneration
   (You found it on level 2 of the Snake Pit)
 J - an amulet of regeneration (around neck)
   (You found it on level 5 of the Dungeon)
 R - the ring "Arroneol" (right hand) {Str+6 Int+6}
   (You acquired it on level 2 of the Lair of Beasts)

   [ring of strength]

   Str:       It affects your strength (+6).
   Int:       It affects your intelligence (+6).
 X - a ring of wizardry
   (You found it on level 11 of the Dungeon)
Wands
 f - a wand of polymorph (6)
   (You found it on level 2 of the Swamp)
 g - a wand of digging (12)
 s - a wand of acid (8)
   (You found it on level 1 of the Lair of Beasts)
 K - a wand of iceblast (50)
   (You found it on level 7 of the Dungeon)
 L - a wand of flame (46)
   (You found it on level 7 of the Dungeon)
 N - a wand of paralysis (1)
   (You found it on level 7 of the Dungeon)
 W - a wand of mindburst (10)
   (You found it on level 2 of the Snake Pit)
Scrolls
 c - 9 scrolls of fog
 e - 4 scrolls of fear
 k - 2 scrolls of torment
 l - 5 scrolls of immolation
 m - a scroll of summoning
 t - 7 scrolls of teleportation
 x - 2 scrolls of enchant armour
 B - 6 scrolls of amnesia
 C - 4 scrolls of silence
 F - 5 scrolls of vulnerability
 O - 4 scrolls of magic mapping
Potions
 b - 3 potions of magic
 d - 4 potions of might
 h - 3 potions of haste
 i - 8 potions of flight
 n - 2 potions of resistance
 o - 2 potions of berserk rage
 p - 6 potions of attraction
 q - 17 potions of curing
 u - 3 potions of ambrosia
 w - 4 potions of heal wounds
 y - 2 potions of brilliance
 E - a potion of cancellation
 G - a potion of invisibility
 M - 6 potions of mutation
 T - 3 potions of lignification
Miscellaneous
 z - a tin of tremorstones (2/2)
   (You found it on level 3 of the Snake Pit)
 Q - a condenser vane
   (You found it on level 4 of the Lair of Beasts)
 U - a phial of floods (inert)
   (You found it on level 10 of the Dungeon)
 Y - a lightning rod (4/4)
   (You found it on level 1 of the Lair of Beasts)


   Skills:
 + Level 12.3 Fighting
 - Level 14.0 Short Blades
 - Level 14.0 Dodging
 - Level 9.0 Stealth
 - Level 5.0 Spellcasting
 - Level 5.0 Conjurations
 + Level 15.4 Hexes
 - Level 8.0 Summonings
 - Level 7.0 Transmutations
 - Level 4.1 Earth Magic
 - Level 13.0 Invocations
 - Level 6.0 Evocations


You had 2 spell levels left.
You knew the following spells:

 Your Spells              Type           Power      Damage    Failure   Level
a - Summon Mana Viper     Hex/Summ       61%        N/A       3%          5
b - Dazzling Flash        Conj/Hex       100%       N/A       1%          3
c - Statue Form           Tmut/Erth      23%        N/A       89%         6
d - Confusing Touch       Hex            72%        N/A       1%          3
e - Enfeeble              Hex            36%        N/A       19%         7

Your spell library contained the following spells:

 Spells                   Type           Power      Damage    Failure   Level
 Summon Small Mammal      Summ           100%       N/A       1%          1
 Passwall                 Tmut/Erth      29%        N/A       1%          2
 Sandblast                Erth           56%        2d13      2%          1
 Animate Skeleton         Necr           12%        N/A       13%         1
 Apportation              Tloc           12%        N/A       13%         1
 Freeze                   Ice            24%        1d5       13%         1
 Corpse Rot               Necr/Air       12%        N/A       19%         2
 Poisonous Vapours        Pois/Air       12%        N/A       19%         2
 Yara's Violent Unravell  Hex/Tmut       30%        3d13      3%          5
 Stone Arrow              Conj/Erth      60%        3d10      6%          3
 Petrify                  Tmut/Erth      35%        N/A       13%         4
 Metabolic Englaciation   Hex/Ice        23%        N/A       16%         5
 Summon Ice Beast         Ice/Summ       27%        N/A       24%         4
 Ice Form                 Ice/Tmut       24%        N/A       30%         4
 Frozen Ramparts          Ice            12%        1d3       36%         3
 Hailstorm                Conj/Ice       19%        3d6       41%         4
 Iskenderun's Mystic Bla  Conj/Tloc      19%        2d6       41%         4
 Dispel Undead            Necr           6%         3d8       77%         4
 Fireball                 Conj/Fire      9%         3d6       77%         5
 Monstrous Menagerie      Summ           24%        N/A       99%         7
 Death Channel            Necr           3%         N/A       100%        6
 Simulacrum               Ice/Necr       3%         N/A       100%        6
 Starburst                Conj/Fire      9%         6d5       100%        6
 Malign Gateway           Summ/Tloc      13%        N/A       100%        7
 Ignition                 Fire           3%         3d4       100%        8
 Summon Horrible Things   Summ           24%        N/A       100%        8


Dungeon Overview and Level Annotations

Branches:
Dungeon (15/15)            Temple (0/1) D:7            Lair (6/6) D:8
  Swamp (2/4) Lair:2        Snake (3/4) Lair:4        Slime (0/5) Lair:6
    Orc (2/2) D:9             Elf (0/3) Orc:2        Vaults (0/5) D:14
 Depths (0/4) D:15

Altars:
Ashenzari
Fedhas
Hepliaklqana
Kikubaaqudgha
Makhleb
Ru
Trog
Uskayaw
Vehumet
Xom

Shops:
D:1 **!(?   D:6 ?   D:11 *   D:12 ?   D:13 *   D:15 :   Orc:2 ??(=?   Snake:1 [

Portals:
Pandemonium: Orc:2
Trove: D:11 (give 15 scrolls of teleportation)

Annotations:
D:4 exclusions: necrophage and ogre
Swamp:2 exclusion: spriggan druid, Nikola
Abyss:1 Prince Ribbit


Innate Abilities, Weirdness & Mutations

You do not regenerate when monsters are visible.
You are frail without blood (-20% HP).
You can heal yourself when you bite living creatures.
You are immune to poison.
You have razor-sharp teeth.
You have supernaturally acute eyesight. (SInv)
You are afflicted with vampirism and can become a bat while bloodless.


Message History

The splash of poison hits you but does no damage.
You resist.
You hit the naga warrior but do no damage.
Your bite misses the naga warrior.
You hit the naga warrior but do no damage.
The naga warrior appears confused.
You bite the naga warrior!
You draw the naga warrior's blood!
The naga warrior is lightly wounded.
The naga warrior barely misses you.
The naga warrior hits itself with a +0 battleaxe!!
You catch the helpless naga warrior completely off-guard!
You bite the naga warrior, and draw its blood!
You stick the naga warrior like a pincushion!!!
The naga warrior is severely wounded.
You catch the helpless naga warrior completely off-guard!
You bite the naga warrior, and draw its blood!
You skewer the naga warrior like a kebab!!!
You kill the naga warrior!
Uskayaw will force your foes to share their pain.
Training target 14.0 for Short Blades reached!
Your Short Blades skill increases to level 14!
You hit the naga warrior.
The naga warrior is lightly wounded.
Your mana viper disappears in a puff of smoke!
The naga warrior blocks your attack.
The naga warrior is lightly wounded.
The naga warrior misses you. The naga warrior grabs you.
The naga warrior constricts you.
You hit the naga warrior. Your bite misses the naga warrior.
The naga warrior is lightly wounded.
You puncture the naga warrior!
The naga warrior is lightly wounded.
The naga warrior completely misses you. The naga warrior constricts you.
The naga warrior blocks your attack.
The naga warrior is lightly wounded.
You impale the naga warrior!! You bite the naga warrior.
You draw the naga warrior's blood!
You feel better.
The naga warrior is moderately wounded.
The naga warrior hits you with a +0 mace!!
The naga warrior constricts you. The naga warrior blocks your attack.
You bite the naga warrior, but do no damage.
The naga warrior is moderately wounded.
You puncture the naga warrior!
You feel better.
The naga warrior is heavily wounded.
The naga warrior misses you. The naga warrior constricts you.
You can now merge with and destroy a victim.
The naga warrior blocks your attack. x2
The naga warrior is heavily wounded.
You hit the naga warrior but do no damage.
The naga warrior is heavily wounded.
The naga warrior hits you with a +0 mace!!
The naga warrior constricts you.
You are too injured to fight recklessly!
You are too injured to fight recklessly!
You are too injured to fight recklessly!
You are too injured to fight recklessly!
You are too injured to fight recklessly!
You are too injured to fight recklessly!
You are too injured to fight recklessly!
You are too injured to fight recklessly!
You are too injured to fight recklessly!
You are too injured to fight recklessly!
You puncture the naga warrior!
You feel better.
The naga warrior is heavily wounded.
You puncture the naga warrior!
The naga warrior is severely wounded.
The naga warrior misses you. The naga warrior constricts you.
You hit the naga warrior.
The naga warrior is severely wounded.
The naga warrior blocks your attack.
The naga warrior is severely wounded.
The naga warrior hits you with a +0 mace.
The naga warrior constricts you.
You hit the naga warrior but do no damage.
Your bite misses the naga warrior.
The naga warrior is severely wounded.
You barely miss the naga warrior.
The naga warrior is severely wounded.
The naga warrior spits poison at you.
The splash of poison hits you but does no damage.
You resist. The naga warrior constricts you.
You puncture the naga warrior!
You feel better.
The naga warrior is severely wounded.
The naga warrior blocks your attack.
The naga warrior is severely wounded.
The naga warrior hits you with a +0 mace!!!
* * * LOW HITPOINT WARNING * * *
The naga warrior constricts you.
* * * LOW HITPOINT WARNING * * *
Unknown command.
Unknown command.
Okay, then.
Unknown command.
Aiming: Grand Finale
Press: ? - help, Shift-Dir - straight line, f - naga warrior
Aim: a naga warrior, wielding a +0 mace, wearing a +0 robe and wearing a +0 kite shield (severely wounded, constricting you, strong)
You fail to use your ability.
The naga warrior completely misses you. The naga warrior constricts you.
You die...

. ..# .. ...# ..
..... .# .....
##..#
......####N.##.#.
......#..@)......
#...######## ..
#####.##
..##.....#
..........#
...........#
.........).#
........).#
#........#


You could see a naga warrior (strong).

Vanquished Creatures
  Gastronok (Orc:1)
  A nagaraja (Snake:3)
  An orc warlord (Orc:1)
  Nessos (D:13)
  A stone giant (D:15)
  3 eleionomae
  The ghost of Uwuyrubips the Cleaver, a journeyman HuHu of Okawaru (D:12)
  A fire dragon (D:15)
  Harold (D:9)
  3 naga warriors (Snake:3)
  A shambling mangrove (Swamp:1)
  11 hydras
  A rakshasa (D:15)
  2 ogre magi
  5 centaur warriors
  2 demonspawn (Orc:2)
  7 anacondas
  5 catoblepae
  A boulder beetle (D:14)
  A ghost crab (Swamp:1)
  2 alligators
  9 two-headed ogres
  A tengu warrior (D:15)
  2 shock serpents (Snake:1)
  7 orc high priests (Orc:2)
  6 death yaks (Lair:6)
  3 naga sharpshooters
  Urug (Lair:2)
  Sonja (D:10)
  A sun demon (Orc:2)
  Nergalle (Lair:1)
  A skeletal warrior (D:12)
  2 spriggan druids (Swamp:2)
  A deep troll (D:15)
  8 goliath frogs
  2 bog bodies (Swamp:1)
  A flayed ghost (D:12)
  3 swamp dragons
  Pikel (D:7)
  2 naga ritualists (Snake:1)
  A wizard (D:15)
  4 orc knights (Orc:2)
  A necromancer (D:15)
  A harpy (shapeshifter) (D:14)
  8 ugly things
  6 mana vipers
  2 deep elf pyromancers (D:15)
  9 orc sorcerers
  3 elephants (Lair:5)
  A will-o-the-wisp (Swamp:2)
  4 manticores
  5 salamanders
  5 cyclopes
  27 black mambas
  4 guardian serpents
  2 torpor snails
  3 naga magi
  12 cane toads
  3 gargoyles (D:12)
  A freezing wraith (D:13)
  An anaconda simulacrum (Lair:4)
  3 rime drakes
  3 ice devils
  5 trolls
  12 komodo dragons
  A red devil (Orc:2)
  A troll (shapeshifter) (D:15)
  6 tyrant leeches
  11 slime creatures
  2 hornets
  4 polar bears
  Grinder (D:5)
  35 blink frogs
  15 dream sheep
  3 shadows
  3 spriggans (Swamp:2)
  10 wyverns
  A dire elephant simulacrum (Lair:4)
  2 wraiths
  A vampire (D:12)
  67 yaks
  5 basilisks
  4 vampire mosquitoes
  A neqoxec (Orc:2)
  5 swamp worms
  30 nagas
  A harpy simulacrum (Lair:4)
  23 water moccasins
  3 acid dragons
  24 orc warriors
  4 swamp drakes
  2 ice beasts (D:6)
  A black bear (D:4)
  5 ogres
  2 sky beasts (D:7)
  17 wolves
  19 centaurs
  A phantom (D:7)
  3 kobold brigands
  10 bullfrogs
  3 scorpions
  A necrophage (D:4)
  2 gnoll sergeants
  5 wights (D:10)
  6 electric eels
  3 howler monkeys
  4 lava snakes (Lair:6)
  4 hounds
  21 orc priests
  3 jellies
  A gnoll shaman (D:7)
  4 iguanas
  14 orc wizards
  A wolf simulacrum (Lair:4)
  9 gnolls
  A naga simulacrum (Lair:4)
  5 adders
  A shadow imp (D:8)
  3 white imps
  4 ufetubi
  4 dart slugs
  61 orcs
  8 endoplasms
  6 giant cockroaches
  7 goblins
  7 hobgoblins
  25 kobolds
  2 quokkas
  5 ball pythons
  3 bats
  5 frilled lizards
  5 rats
787 creatures vanquished.

Vanquished Creatures (collateral kills)
  A naga sharpshooter (Snake:2)
  2 naga magi
  A black mamba (Snake:3)
  A naga (Snake:2)
  4 orc warriors (Orc:2)
  2 orcs (Orc:2)
11 creatures vanquished.

Vanquished Creatures (others)
  2 spriggans (Swamp:2)
  A hornet (Swamp:2)
  An orc priest (Orc:2)
  6 foxfires (Swamp:2)
  25 fungi
  61 plants
96 creatures vanquished.

Grand Total: 894 creatures vanquished

Notes
Turn   | Place    | Note
-------+----------+-------------------------------------------
     0 | D:5      | Flugkiller the Vampire Delver began the quest for the Orb.
     0 | D:5      | Reached XP level 1. HP: 17/17 MP: 1/1
    21 | D:5      | Noticed a hound
    40 | D:5      | Noticed a hound
    94 | D:5      | Noticed an ogre
   127 | D:4      | Noticed a black bear
   284 | D:3      | Reached XP level 2. HP: 23/23 MP: 2/2
   526 | D:1      | You fall into a shaft and drop 1 floor!
   694 | D:1      | Gained mutation: You are afflicted with vampirism and can
                  | become a bat while bloodless. [Vampire growth]
   694 | D:1      | Reached XP level 3. HP: 28/28 MP: 3/3
   712 | D:1      | Found Nyakicea's General Store.
   721 | D:1      | Bought a scroll of identify for 22 gold pieces
   721 | D:1      | Bought a potion of curing for 33 gold pieces
   858 | D:1      | Found Laavuuq's Assorted Antiques.
   990 | D:1      | Found Mofyaf's Distillery.
  1156 | D:1      | Found Syen's Antique Weapon Emporium.
  1159 | D:1      | Found Adam's Magic Scroll Shop.
  1636 | D:1      | Bought a scroll of identify for 22 gold pieces
  2617 | D:3      | Reached XP level 4. HP: 34/34 MP: 4/4
  2719 | D:3      | Reached skill level 5 in Dodging
  3052 | D:1      | Bought a scroll of identify for 22 gold pieces
  3180 | D:4      | Noticed a necrophage
  3180 | D:4      | Noticed an ogre
  3282 | D:4      | Noticed a scorpion
  3437 | D:4      | Reached XP level 5. HP: 35/41 MP: 5/5
  3745 | D:4      | Found a broken altar of Ashenzari.
  3855 | D:5      | Noticed a black bear
  3862 | D:5      | Reached XP level 6. HP: 48/48 MP: 6/6
  3999 | D:5      | Found a hide-covered altar of Uskayaw.
  4015 | D:5      | Found a hazy altar of Hepliaklqana.
  4049 | D:5      | Became a worshipper of Uskayaw the Reveller
  4091 | D:5      | Reached * piety under Uskayaw
  4097 | D:5      | Reached ** piety under Uskayaw
  4216 | D:5      | Noticed Grinder
  4583 | D:1      | Bought a pair of gloves for 103 gold pieces
  4828 | D:5      | Paralysed by Grinder for 4 turns
  4843 | D:5      | Paralysed by Grinder for 4 turns
  4868 | D:5      | Paralysed by Grinder for 6 turns
  4890 | D:5      | Paralysed by Grinder for 6 turns
  5005 | D:5      | Paralysed by Grinder for 5 turns
  5010 | D:5      | Killed Grinder
  5011 | D:5      | Reached skill level 5 in Fighting
  5011 | D:5      | Reached skill level 5 in Short Blades
  5011 | D:5      | Reached XP level 7. HP: 54/56 MP: 4/8
  5210 | D:5      | Reached *** piety under Uskayaw
  5376 | D:6      | Reached XP level 8. HP: 55/62 MP: 11/11
  5738 | D:6      | Found Nuaf's Magic Scroll Shop.
  5748 | D:6      | Bought a scroll of identify for 24 gold pieces
  5962 | D:6      | Found a shimmering altar of Xom.
  5968 | D:6      | Found a radiant altar of Vehumet.
  5970 | D:6      | Found a burning altar of Makhleb.
  5970 | D:6      | Found a bloodstained altar of Trog.
  5975 | D:6      | Found a blossoming altar of Fedhas.
  6148 | D:7      | Reached **** piety under Uskayaw
  6473 | D:7      | Noticed Pikel
  6498 | D:7      | Killed Pikel
  6499 | D:7      | Reached XP level 9. HP: 29/68 MP: 2/12
  6828 | D:7      | Found a sacrificial altar of Ru.
  6931 | D:7      | Found a staircase to the Ecumenical Temple.
  7115 | D:7      | Reached skill level 5 in Invocations
  7503 | D:7      | Learned a level 5 spell: Summon Mana Viper
  7627 | D:8      | Reached skill level 1 in Hexes
  7674 | D:8      | Reached skill level 1 in Spellcasting
  7674 | D:8      | Reached skill level 2 in Hexes
  7674 | D:8      | Reached skill level 1 in Summonings
  7721 | D:8      | Reached skill level 3 in Hexes
  7788 | D:8      | Reached skill level 4 in Hexes
  7933 | D:8      | Found a staircase to the Lair.
  7963 | D:8      | Reached XP level 10. HP: 72/74 MP: 14/14
  7975 | D:8      | Reached ***** piety under Uskayaw
  7983 | D:8      | Reached skill level 5 in Hexes
  8327 | D:9      | Found a staircase to the Orcish Mines.
  8327 | D:9      | Noticed Harold
  8466 | D:9      | Reached skill level 6 in Hexes
  8466 | D:9      | Reached skill level 5 in Evocations
  8549 | D:9      | Killed Harold
  8550 | D:9      | Reached skill level 7 in Hexes
  8550 | D:9      | Reached skill level 5 in Summonings
  8610 | D:9      | Noticed a two-headed ogre
  8715 | D:9      | Reached skill level 8 in Hexes
  9121 | D:10     | Entered Level 10 of the Dungeon
  9551 | D:10     | Noticed Sonja
  9618 | D:10     | Killed Sonja
  9820 | D:9      | Banished a two-headed ogre
  9821 | D:9      | Reached XP level 11. HP: 80/80 MP: 15/15
  9895 | D:11     | Noticed a five-headed hydra
  9908 | D:11     | Killed a five-headed hydra
  9909 | D:11     | Reached skill level 9 in Hexes
  9941 | D:11     | Learned a level 3 spell: Dazzling Flash
 10082 | D:11     | Found Xeuneg's Demolitions Depot.
 10374 | D:11     | Found a portal to a secret trove of treasure.
 10543 | D:11     | Reached skill level 10 in Hexes
 10923 | Lair:1   | Entered Level 1 of the Lair of Beasts
 11060 | Lair:1   | Noticed a five-headed hydra
 11083 | Lair:1   | Killed a five-headed hydra
 11365 | Lair:1   | Reached skill level 1 in Conjurations
 11421 | Lair:1   | Noticed Nergalle
 11444 | Lair:1   | Killed Nergalle
 11692 | Lair:1   | Noticed Prince Ribbit
 11732 | Lair:1   | Banished Prince Ribbit
 11932 | Lair:1   | Reached skill level 11 in Hexes
 11978 | Lair:2   | Reached XP level 12. HP: 91/91 MP: 18/18
 12037 | Lair:2   | Noticed Urug
 12068 | Lair:2   | Killed Urug
 12179 | Lair:2   | Noticed an eight-headed hydra
 12224 | Lair:2   | Banished an eight-headed hydra
 12225 | Lair:2   | Reached skill level 12 in Hexes
 12433 | Lair:2   | Reached skill level 10 in Dodging
 12604 | Lair:2   | Identified a scroll of acquirement
 12604 | Lair:2   | Acquired the ring "Arroneol" {Str+6 Int+6}
 12717 | Lair:2   | Noticed an eight-headed hydra
 12718 | Lair:2   | Noticed a four-headed hydra
 12774 | Lair:2   | Killed a four-headed hydra
 12815 | Lair:2   | Killed an eight-headed hydra
 12904 | Lair:2   | Found a staircase to the Swamp.
 13159 | Lair:3   | Reached skill level 10 in Short Blades
 13339 | Lair:3   | Reached XP level 13. HP: 64/98 MP: 19/19
 13575 | Lair:3   | Reached ****** piety under Uskayaw
 13974 | Lair:4   | Found a staircase to the Snake Pit.
 14277 | Lair:4   | Reached skill level 10 in Invocations
 14784 | Lair:4   | Reached skill level 5 in Conjurations
 15597 | Lair:5   | Reached XP level 14. HP: 78/105 MP: 21/21
 15601 | Lair:5   | Reached skill level 13 in Hexes
 15790 | Lair:6   | Entered Level 6 of the Lair of Beasts
 15974 | Lair:6   | Reached skill level 14 in Hexes
 16116 | Lair:6   | Found a staircase to the Slime Pits.
 17704 | D:12     | Found Ujeishafa's Magic Scroll Emporium.
 17789 | D:12     | Found a runed translucent gate.
 17790 | D:12     | Found a runed translucent gate.
 17791 | D:12     | Found a runed translucent gate.
 17825 | D:12     | Noticed Uwuyrubips's ghost (journeyman HuHu)
 17929 | D:12     | Killed Uwuyrubips's ghost
 18315 | D:13     | Reached skill level 1 in Transmutations
 18336 | D:13     | Found Kemukk's Profane Products.
 18358 | D:13     | Learned a level 6 spell: Statue Form
 18364 | D:13     | Bought a +1 vampiric rapier for 323 gold pieces
 18777 | D:6      | Bought a scroll of enchant weapon for 90 gold pieces
 18777 | D:6      | Bought a scroll of teleportation for 36 gold pieces
 18777 | D:6      | Bought a scroll of fog for 24 gold pieces
 18879 | D:1      | Bought a scroll of enchant weapon for 82 gold pieces
 18963 | D:1      | Bought a scorched cloak for 218 gold pieces
 18963 | D:1      | Identified the +1 cloak of Crawling {rF++ rC+} (You bought
                  | it in a shop on level 1 of the Dungeon)
 19496 | D:13     | Reached XP level 15. HP: 113/113 MP: 23/23
 19522 | D:13     | Reached skill level 1 in Earth Magic
 19744 | D:13     | Identified the +6 ring mail "Boihav" {MP+9 Str+4 SInv
                  | Stlth-}
 19781 | D:13     | Noticed Nessos
 19790 | D:13     | Killed Nessos
 20041 | D:14     | Found an ancient bone altar of Kikubaaqudgha.
 20281 | D:14     | Found a gate to the Vaults.
 20302 | D:14     | Reached skill level 5 in Transmutations
 20829 | D:15     | Entered Level 15 of the Dungeon
 21035 | D:15     | Found Ufiu's Book Shoppe.
 21454 | D:15     | Found a staircase to the Depths.
 21912 | Orc:1    | Entered Level 1 of the Orcish Mines
 21953 | Orc:1    | Noticed an orc warlord
 21969 | Orc:1    | HP: 5/109 [poisoned by an orange demon]
 22163 | Orc:1    | Noticed Gastronok
 22168 | Orc:1    | Killed an orc warlord
 22192 | Orc:1    | Killed Gastronok
 22352 | Orc:2    | Entered Level 2 of the Orcish Mines
 22720 | Orc:2    | Found Qaif's Magic Scroll Shop.
 22725 | Orc:2    | Found Paphiri's Magic Scroll Boutique.
 22861 | Orc:2    | Bought a scroll of enchant weapon for 97 gold pieces
 22878 | Orc:2    | Bought a scroll of enchant weapon for 90 gold pieces
 23175 | Orc:2    | Paralysed by an orc sorcerer for 3 turns
 23294 | Orc:2    | Found Oqimoma's Magic Scroll Emporium.
 23309 | Orc:2    | Found a staircase to the Elven Halls.
 23321 | Orc:2    | Bought a scroll of teleportation for 48 gold pieces
 23321 | Orc:2    | Bought a scroll of teleportation for 48 gold pieces
 23321 | Orc:2    | Bought a scroll of blinking for 120 gold pieces
 23473 | Orc:2    | Reached XP level 16. HP: 70/122 MP: 25/25
 23475 | Orc:2    | Reached skill level 10 in Fighting
 23600 | Orc:2    | Found Muyfoad's Jewellery Emporium.
 23600 | Orc:2    | Found Oxemu's Antique Weapon Shoppe.
 23601 | Orc:2    | Found a one-way gate leading to the halls of Pandemonium.
 23765 | Snake:1  | Entered Level 1 of the Snake Pit
 24021 | D:15     | Bought a book of Misfortune for 720 gold pieces
 24215 | Swamp:1  | Entered Level 1 of the Swamp
 25406 | Swamp:2  | Noticed Nikola
 25775 | Snake:1  | Learned a level 3 spell: Confusing Touch
 26144 | Snake:1  | Found Qonasm's Antique Armour Shop.
 26465 | Snake:1  | Learned a level 7 spell: Enfeeble
 26778 | Snake:2  | Reached skill level 5 in Spellcasting
 27301 | Snake:2  | Reached skill level 15 in Hexes
 27760 | Snake:3  | Reached XP level 17. HP: 106/106 MP: 26/26
 28202 | Snake:3  | HP: 4/106 [constriction (2)]
 28203 | Snake:3  | Constricted to death by a naga warrior

Illustrated notes

Levels and vault maps discovered:
D:1:      nzn_arrival_depleted_hourglass, layout_loops_corners, serial_shops,
          nicolae_lakefront_shop, shop, nicolae_shop_advertising_works
          [nicolae_subvault_shop_adworks], shop_scrolls, shop_statue,
          st_stairs_2
D:2:      layout_basic, serial_forest, infiniplex_forest_end_3,
          infiniplex_forest_lined_2, infiniplex_forest_clump_tiny,
          infiniplex_forest_end_2, infiniplex_forest_zigzag_2,
          infiniplex_forest_zigzag_1, infiniplex_forest_clump_C,
          infiniplex_forest_side_room, kennysheep_generic_room_13
D:3:      layout_basic
D:4:      layout_basic, cheibrodos_ashenzari_chains
D:5:      layout_rooms, mainiacjoe_overflow_catch_the_wave, uniq_grinder
D:6:      layout_loops_ring, minitemple, serial_shops, nicolae_lakefront_shop
D:7:      layout_basic, mainiacjoe_overflow_surrounded_room,
          minmay_temple_entry_offerings, amcnicky_mini_corridor_feature,
          uniq_pikel
D:8:      layout_rooms, minmay_lair_entry_grove
D:9:      layout_irregular_city, david_orc_2, uniq_harold
D:10:     layout_roguey, uniq_sonja
D:11:     layout_basic, enter_trove_0, nicolae_blasting_shop
D:12:     layout_gridville, serial_shops, shop_statue, gammafunk_ghost_split,
          nicolae_zen_rock_garden, minmay_between
D:13:     layout_irregular_city, small_statue_alley_a, nicolae_evil_shop,
          uniq_nessos
D:14:     layout_basic, david_vaults_2, serial_rivers,
          chequers_serial_rivers_micro_d, chequers_serial_rivers_small_3,
          chequers_serial_rivers_micro_b, chequers_serial_rivers_micro_e,
          chequers_serial_rivers_large_b, chequers_serial_rivers_micro_e,
          nicolae_kikubaaqudgha_miasma_corner, kennysheep_generic_room_14
D:15:     hangedman_depths_entry_civil_slaughter, layout_loops_corners,
          minmay_crystal_room, serial_shops, shop
Lair:1:   layout_cave_pods, uniq_nergalle, uniq_prince_ribbit2
Lair:2:   layout_roguey, palyth_hydra_swamp_entry, beast_lair_carwin_6,
          uniq_urug
Lair:3:   layout_regular_city, chequers_serial_rivers_marsh, st_stairs_12,
          serial_bayou_shore_a, grunt_megastairs_5
Lair:4:   dreamdust_isle_of_ice, layout_hall_layers,
          minmay_snake_entry_guardpost_small, nzn_random_ring,
          infiniplex_staircase_pool, lemuel_fruit_tree
Lair:5:   layout_loops_ring
Lair:6:   evilmike_catoblepas_cave, layout_regular_city,
          nicolae_slime_entry_slimehenge, nicolae_lair_liquid_snakes
Swamp:1:  layout_basic_swamp, nicolae_swamp_some_circles, swamp_pool5,
          nicolae_swamp_treefoil
Swamp:2:  layout_falls_marsh, evilmike_swamp_ruin_house_6, uniq_nikola
Snake:1:  layout_onion, serial_shops, shop, serial_bayou_shore_b
Snake:2:  layout_chambers, nrook_guardian_serpent_double
Snake:3:  layout_chambers, nicolae_snake_gridmaze_entwining
Orc:1:    layout_diamond_mine, uniq_gastronok
Orc:2:    pf_orc_diabolical, layout_diamond_mine, serial_shops, shop

Skill      XL: |  1  2  3  4  5  6  7  8  9 10 11 12 13 14 15 16 17 |
---------------+----------------------------------------------------+-----
Dodging        | 3 4 5 7 9 11 13 14 | 14.0
Fighting       | 3 5 7 8 9 12 | 12.3
Short Blades   | 3 4 5 8 10 11 13 14 | 14.0
Invocations    | 2 4 6 8 10 11 13 | 13.0
Evocations     | 2 4 5 6 |  6.0
Hexes          | 4 8 11 12 14 15 | 15.4
Spellcasting   | 2 3 4 5 |  5.0
Summonings     | 3 6 7 8 |  8.0
Conjurations   | 2 3 5 |  5.0
Stealth        | 9 |  9.0
Transmutations | 1 7 |  7.0
Earth Magic    | 4 |  4.1

Action                   |  1- 3 |  4- 6 |  7- 9 | 10-12 | 13-15 | 16-18 || total
-------------------------+-------+-------+-------+-------+-------+-------++-------
Melee: Short sword       |    35 |       |       |       |       |       ||    35
       Bite              |     9 |    25 |    53 |   116 |   249 |   118 ||   570
       Dagger            |    52 |   165 |   374 |   731 |   924 |       ||  2246
       Punch             |     1 |     2 |     9 |    12 |    28 |    12 ||    64
       Rapier            |       |       |       |       |   648 |   730 ||  1378
 Cast: Summon Mana Viper |       |       |       |     2 |     2 |    20 ||    24
       Dazzling Flash    |       |       |       |     8 |    36 |       ||    44
       Confusing Touch   |       |       |       |       |       |     3 ||     3
Invok: Stomp             |       |     3 |    12 |    18 |    15 |    16 ||    64
       Line Pass         |       |       |     1 |       |     1 |     1 ||     3
       Grand Finale      |       |       |       |       |     3 |       ||     3
 Abil: Exsanguinate      |       |       |       |       |     1 |     1 ||     2
       Revivify          |       |       |       |       |     1 |       ||     1
Evoke: Wand              |       |       |     4 |     5 |     7 |     1 ||    17
       Phial of floods   |       |       |       |       |     1 |     1 ||     2
       Condenser vane    |       |       |       |       |       |     1 ||     1
  Use: Scroll            |     8 |     7 |     4 |     8 |    21 |     3 ||    51
       Potion            |       |     2 |       |     2 |     2 |     3 ||     9
 Stab: Sleeping          |    24 |    10 |    12 |    16 |    27 |    20 ||   109
       Distracted        |       |     1 |       |     1 |     3 |     5 ||    10
       Paralysed         |       |       |     7 |    39 |    97 |    34 ||   177
       Invisible         |       |       |       |     3 |    28 |       ||    31
       Petrified         |       |       |       |       |     4 |       ||     4
       Petrifying        |       |       |       |       |     3 |       ||     3
       Confused          |       |       |       |       |     1 |     6 ||     7
Armor: Leather armour    |     5 |       |       |       |       |       ||     5
       Robe              |     1 |    43 |    69 |   111 |   126 |       ||   350
       Ring mail         |       |       |       |       |   150 |   177 ||   327
Dodge: Dodged            |    41 |   123 |   192 |   454 |  1333 |   720 ||  2863

Table legend: (Time is in decaauts)
 A = Elapsed time spent in this place.
 B = Non-inter-level travel time spent in this place.
 C = Inter-level travel time spent in this place.
 D = Time resting spent in this place.
 E = Time spent auto-exploring this place.
 F = Levels seen in this place.
 G = Mean time per level.
                   A        B        C        D        E       F      G
               +--------+--------+--------+--------+--------+-----+--------+
         Total |  27446 |  24092 |   3354 |   2006 |  15040 |  28 |  980.2 |
       Dungeon |  15193 |  12730 |   2463 |   1017 |   8224 |  15 | 1012.9 |
          Lair |   6537 |   5839 |    698 |    464 |   3460 |   6 | 1089.5 |
         Swamp |   1473 |   1408 |     65 |    285 |    698 |   2 |  736.5 |
     Snake Pit |   2522 |   2480 |     42 |    109 |   1730 |   3 |  840.7 |
  Orcish Mines |   1718 |   1633 |     85 |    131 |    926 |   2 |  859.0 |
               +--------+--------+--------+--------+--------+-----+--------+

Top non-repeatable levels by time:
     D:7: 1556 daAuts
     D:1: 1541 daAuts
 Snake:2: 1336 daAuts
  Lair:6: 1329 daAuts
   Orc:2: 1297 daAuts
  Lair:2: 1256 daAuts
  Lair:4: 1245 daAuts
     D:2: 1150 daAuts
     D:9: 1129 daAuts
 Swamp:1: 1114 daAuts
  Lair:1: 1084 daAuts
     D:5: 1073 daAuts
    D:15: 1055 daAuts
    D:11: 1016 daAuts
  Lair:3: 1016 daAuts
